 Dungeon Crawl Stone Soup version 0.28-a0-1190-g77e1c55843 (webtiles) character file.

Game seed: 16375043094480636445

624 freelancePsychic the Cudgeller (level 7, -1/54 HPs)
             Began as a Demonspawn Wanderer on Dec 18, 2021.
             Was an Initiate of Kikubaaqudgha.
             Slain by a bullfrog skeleton (4 damage)
             ... on level 5 of the Dungeon.
             The game lasted 00:09:46 (5391 turns).

freelancePsychic the Cudgeller (DsWn)               Turns: 5391, Time: 00:09:47

Health: -1/54      AC: 12    Str: 18    XL:     7   Next: 22%
Magic:  7/7        EV: 10    Int: 19    God:    Kikubaaqudgha [......]
Gold:   87         SH:  5    Dex: 11    Spells: 6/6 levels left

rFire   . . .      SeeInvis +   m - +0 flail
rCold   . . .      Faith    .   b - +0 buckler {AC+3}
rNeg    . . .      Spirit   .   c - +0 ring mail
rPois   +          Reflect  .   l - +0 helmet
rElec   .          Harm     .   (no cloak)
rCorr   +          Rampage  +   (no gloves)
Will    .....                   e - +0 pair of boots
Stlth   +.........              u - amulet "Jipug" {RegenMP Rampage rCorr Str+2 SInv}
HPRegen 0.18/turn               a - ring of poison resistance
MPRegen 0.50/turn               o - +6 ring of intelligence

@: hasted, very quick
A: slimy green scales 1, demonic touch 1
a: Renounce Religion


You were on level 5 of the Dungeon.
You worshipped Kikubaaqudgha.
Kikubaaqudgha was noncommittal.
You visited 2 branches of the dungeon, and saw 6 of its levels.

You collected 639 gold pieces.
You spent 552 gold pieces at shops.

Inventory:

Hand Weapons
 m - a +0 flail (weapon)
Missiles
 g - 15 poisoned darts (quivered)
Armour
 b - a +0 buckler of protection (worn)
 c - a +0 ring mail (worn)
 e - a +0 pair of boots (worn)
 l - a +0 helmet (worn)
Jewellery
 a - a ring of poison resistance (left hand)
 o - a +6 ring of intelligence (right hand)
 q - a +6 ring of intelligence
 u - the amulet "Jipug" (around neck) {RegenMP Rampage rCorr Str+2 SInv}
   (You acquired it on level 4 of the Dungeon)

   [amulet of magic regeneration]

   It increases your rate of magic regeneration.
   Str:       It affects your strength (+2).
   SInv:      It lets you see invisible.
   rCorr:     It protects you from acid and corrosion.
   Rampage:   It bestows one free step when moving towards enemies.
Wands
 p - a wand of acid (5)
Scrolls
 d - 2 scrolls of identify {@r1}
 n - a scroll of brand weapon {unknown}
 r - a scroll of enchant weapon {unknown}
 t - a scroll of immolation {unknown}
Potions
 f - a potion of haste {@q3}
 h - a potion of might {unknown}
 i - a potion of mutation {unknown}
 j - 2 potions of resistance
 k - 2 potions of lignification
 s - a potion of ambrosia {unknown}


   Skills:
 + Level 4.1 Fighting
 * Level 5.7 Maces & Flails
 - Level 1.1 Throwing
 - Level 1.7 Armour
 - Level 4.5 Shields
 + Level 2.3 Necromancy


You had 6 spell levels left.
You didn't know any spells.
Your spell library contained the following spells:

 Spells                   Type           Power      Damage    Failure   Level
 Corpse Rot               Necr/Air       8%         N/A       34%         2
 Poisonous Vapours        Pois/Air       0%         N/A       47%         2


Dungeon Overview and Level Annotations

Branches:
Dungeon (5/15)             Temple (1/1) D:4

Altars:
Ashenzari
Cheibriados
Dithmenos
Elyvilon
Gozag
Hepliaklqana
Kikubaaqudgha
Okawaru
Qazlal
Sif Muna
Trog
Wu Jian
The Shining One

Shops:
D:1 !


Innate Abilities, Weirdness & Mutations

You are partially covered in slimy green scales. (AC +2)
Your touch may inflict minor irresistible damage on your foes.


Message History

You block the centaur's attack. The iguana closely misses you.
The bullfrog skeleton closely misses you.
The centaur closely misses you. The centaur completely misses you.
You block the iguana's attack.
You closely miss the centaur.
The centaur is lightly wounded.
The bullfrog skeleton hits you but does no damage.
The centaur barely misses you.
The centaur kicks you but does no damage.
The iguana bites you.
You block the bullfrog skeleton's attack.
The centaur hits you.
* * * LOW HITPOINT WARNING * * *
The centaur barely misses you.
You feel yourself speed up. The centaur closely misses you.
The centaur kicks you but does no damage.
The bullfrog skeleton hits you but does no damage.
The iguana bites you but does no damage.
You closely miss the centaur.
The centaur is lightly wounded.
You block the centaur's attack.
The centaur kicks you but does no damage.
The bullfrog skeleton hits you.
* * * LOW HITPOINT WARNING * * *
You barely miss the centaur.
The centaur is lightly wounded.
The centaur hits you but does no damage.
You block the centaur's attack. The iguana closely misses you.
The bullfrog skeleton hits you.
* * * LOW HITPOINT WARNING * * *
You hit the centaur but do no damage.
The centaur is lightly wounded.
The centaur hits you.
* * * LOW HITPOINT WARNING * * *
The centaur kicks you but does no damage.
The iguana bites you.
* * * LOW HITPOINT WARNING * * *
The bullfrog skeleton hits you.
You die...
Kikubaaqudgha rasps: "You have failed me!
Welcome... death!"

#.......... #.######### #
####.#####.... #.
#............. #..
#.########.... #...
###.########....
#..#######...............
#.......Z..........#....
.##..l@c....#######....
#.....###....# #....
.......### #....# #####
...##.. #....# #. ....
.....# ####. ........ #.
#....... #.


You could see a centaur, an iguana and a bullfrog skeleton.

Vanquished Creatures
  A black bear (D:5)
  A bullfrog (D:3)
  A centaur zombie (D:4)
  2 hounds (D:5)
  2 orc priests (D:5)
  A centaur skeleton (D:4)
  An iguana (D:5)
  Robin (D:2)
  7 gnolls
  7 adders
  A shadow imp (D:4)
  2 dart slugs (D:2)
  6 orcs
  8 endoplasms
  3 giant cockroaches
  28 goblins
  3 hobgoblins
  7 jackals
  5 kobolds
  2 quokkas
  11 ball pythons
  4 bats
  5 frilled lizards
  4 rats
113 creatures vanquished.

Vanquished Creatures (others)
  4 plants (D:1)
4 creatures vanquished.

Grand Total: 117 creatures vanquished

Notes
Turn   | Place    | Note
-------+----------+-------------------------------------------
     0 | D:1      | freelancePsychic the Demonspawn Wanderer began the quest
                  | for the Orb.
     0 | D:1      | freelancePsychic set off with the following items: a +0
                  | mace, a +0 buckler of protection, a +0 ring mail
     0 | D:1      | Reached XP level 1. HP: 15/15 MP: 1/1
    56 | D:1      | Reached skill level 2 in Maces & Flails
   208 | D:1      | Gained mutation: You are partially covered in slimy green
                  | scales. (AC +2) [demonic ancestry]
   208 | D:1      | Reached XP level 2. HP: 17/21 MP: 2/2
   294 | D:1      | Found Baegoorch's Distillery.
   801 | D:1      | Reached XP level 3. HP: 27/27 MP: 3/3
   919 | D:1      | Found a faded altar of an unknown god.
   981 | D:1      | Bought a potion of lignification for 36 gold pieces
   981 | D:1      | Bought a potion of lignification for 36 gold pieces
   999 | D:2      | Reached skill level 3 in Maces & Flails
  1025 | D:2      | Gained mutation: Your touch may inflict minor irresistible
                  | damage on your foes. [demonic ancestry]
  1025 | D:2      | Reached XP level 4. HP: 19/33 MP: 4/4
  1321 | D:2      | Noticed Robin
  1520 | D:2      | Killed Robin
  1806 | D:2      | Reached skill level 4 in Maces & Flails
  1810 | D:2      | Reached XP level 5. HP: 39/39 MP: 5/5
  2505 | D:3      | Reached skill level 1 in Throwing
  2919 | D:4      | Found a staircase to the Ecumenical Temple.
  2926 | Temple   | Entered the Ecumenical Temple
  3087 | Temple   | Became a worshipper of Kikubaaqudgha
  3169 | D:4      | Reached XP level 6. HP: 40/47 MP: 6/6
  3852 | D:4      | Reached skill level 5 in Maces & Flails
  3988 | D:4      | Reached skill level 1 in Necromancy
  4212 | D:4      | Identified 2 scrolls of acquirement
  4213 | D:4      | Acquired the amulet "Jipug" {RegenMP Rampage rCorr Str+2
                  | SInv}
  4220 | D:4      | Acquired 394 gold pieces
  4290 | D:1      | Bought a potion of haste for 120 gold pieces
  4290 | D:1      | Bought 2 potions of resistance for 240 gold pieces
  4290 | D:1      | Bought a potion of haste for 120 gold pieces
  4341 | D:5      | Entered Level 5 of the Dungeon
  4825 | D:5      | Reached XP level 7. HP: 39/53 MP: 7/7
  5333 | D:5      | Found an ornate altar of the Wu Jian Council.
  5391 | D:5      | Slain by a bullfrog skeleton

Illustrated notes

Levels and vault maps discovered:
D:1:      dpeg_arrival_simpleton_b, layout_loops_ring, serial_shops,
          nicolae_shop_crystal, shapermc_ecumenical_altar_mp_urbaneastern,
          nicolae_concentric_dashed_squares_mild
D:2:      layout_rooms, minmay_fountain_box, minmay_close_crescents, uniq_robin
D:3:      layout_rooms, st_stairs_11
D:4:      layout_loops_ring, mainiacjoe_overflow_surrounded_room,
          minmay_temple_entry_junction, lemuel_flame_loot_1
D:5:      layout_rooms, lemuel_coloured_pillars_altar
Temple:   minmay_temple_curvy_loop

Skill      XL: |  1  2  3  4  5  6  7 |
---------------+----------------------+-----
Maces & Flails | 2 3 4 5 |  5.7
Fighting       | 2 3 4 |  4.1
Throwing       | 1 |  1.1
Necromancy     | 1 2 |  2.3
Armour         | |  1.7
Shields        | |  4.5

Action                   |  1- 3 |  4- 6 |  7- 9 || total
-------------------------+-------+-------+-------++-------
Melee: Mace              |   111 |    50 |       ||   161
       Flail             |       |   241 |    36 ||   277
Throw: Dart              |     4 |    35 |    13 ||    52
  Use: Scroll            |     1 |     4 |       ||     5
       Potion            |     1 |     2 |     1 ||     4
Armor: Ring mail         |    35 |   170 |    36 ||   241
       Skin              |    46 |    16 |       ||    62
Dodge: Dodged            |    51 |   166 |    32 ||   249
Block: Buckler           |    37 |    92 |    15 ||   144

Table legend: (Time is in decaauts)
 A = Elapsed time spent in this place.
 B = Non-inter-level travel time spent in this place.
 C = Inter-level travel time spent in this place.
 D = Time resting spent in this place.
 E = Time spent auto-exploring this place.
 F = Levels seen in this place.
 G = Mean time per level.
                   A        B        C        D        E       F      G
               +--------+--------+--------+--------+--------+-----+--------+
         Total |   5460 |   5156 |    304 |    815 |   3299 |   6 |  910.0 |
       Dungeon |   5269 |   4995 |    274 |    815 |   3146 |   5 | 1053.8 |
        Temple |    190 |    161 |     29 |      0 |    153 |   1 |  190.0 |
               +--------+--------+--------+--------+--------+-----+--------+

Top non-repeatable levels by time:
     D:4: 1580 daAuts
     D:2: 1246 daAuts
     D:1: 1153 daAuts
     D:3: 674 daAuts
     D:5: 615 daAuts
  Temple: 190 daAuts
